 Dungeon Crawl Stone Soup version 0.22.0-25-g7663229 (webtiles) character file.

439 Dietz the Cleaver (level 6, -1/53 HPs)
             Began as a Minotaur Berserker on Aug 21, 2018.
             Was a Priest of Trog.
             Succumbed to a worker ant's poison
             ... on level 5 of the Dungeon.
             The game lasted 00:03:27 (3217 turns).

Dietz the Cleaver (Minotaur Berserker)              Turns: 3217, Time: 00:03:28

Health: -1/53      AC:  5    Str: 26    XL:     6   Next: 70%
Magic:  5/5        EV: 12    Int:  4    God:    Trog [***...]
Gold:   216        SH:  3    Dex: 12    Spells: 5/5 levels left

rFire    . . .     SeeInvis .   a - +0 hand axe
rCold    + . .     Gourm    .   q - +0 buckler
rNeg     . . .     Faith    .   m - +2 leather armour {rC+}
rPois    .         Spirit   .   (helmet restricted)
rElec    .         Reflect  .   (no cloak)
rCorr    .         Harm     .   (no gloves)
MR       .....                  (no boots)
Stlth    +.........             e - amulet of regeneration
HPRegen  0.57/turn              (no ring)
MPRegen  0.09/turn              (no ring)

@: mighty, lethally poisoned (-1 -> -10), berserk cooldown, slowed, very slow
A: retaliatory headbutt, horns 2
a: Berserk, Trog's Hand, Renounce Religion


You were on level 5 of the Dungeon.
You worshipped Trog.
Trog was most pleased with you.
You were not hungry.

You visited 1 branch of the dungeon, and saw 5 of its levels.

You collected 216 gold pieces.

Inventory:

Hand Weapons
 a - a +0 hand axe (weapon)
Armour
 m - a +2 leather armour of cold resistance (worn)
 q - a +0 buckler (worn)
Jewellery
 d - an uncursed amulet of guardian spirit
 e - an amulet of regeneration (around neck)
 g - an uncursed ring of ice
Wands
 o - a wand of random effects (12)
Scrolls
 h - 2 scrolls of remove curse {unknown}
 i - 2 scrolls of identify {unknown}
 j - a scroll of noise {unknown}
 n - a scroll of fog {unknown}
 p - a scroll of teleportation {unknown}
Potions
 b - 2 potions of might
 f - a potion of heal wounds
 k - a potion of invisibility
 l - a potion of cancellation {unknown}
 r - a potion of lignification {unknown}
Comestibles
 c - 8 rations


   Skills:
 + Level 4.6 Fighting
 * Level 8.0 Axes
 + Level 2.7 Armour
 + Level 3.4 Dodging


You had 5 spell levels left.
You didn't know any spells.
Your spell library was empty.

Dungeon Overview and Level Annotations

Branches:
Dungeon (5/15)
 Temple: D:4-7

Altars:
Ashenzari
Dithmenos
Elyvilon
Trog
Vehumet
Yredelemnul


Innate Abilities, Weirdness & Mutations

You reflexively headbutt those who attack you in melee.
You have a pair of horns on your head.


Message History

You are too berserk!
* * * LOW HITPOINT WARNING * * *
You feel sick.
Things that are here:
a dagger; a robe You feel a strong urge to attack something.
* * * LOW HITPOINT WARNING * * *
You feel sick.
* * * LOW HITPOINT WARNING * * *
You feel sick.
You see here 2 fizzy green potions.
b - 3 fizzy green potions (gained 2)
You feel your anger nearly subside.
You are no longer berserk.
You are exhausted.
You feel as though you will be slow longer.
* * * LOW HITPOINT WARNING * * *
You feel sick.
It was a potion of might.
You feel very mighty all of a sudden.
You die...

.a.._.... #.#.......
#.# #.# ..... #. #.#
#.# .... #.##.#
##.####.####.##.#
##....?........#.#
##.....#.#..###.#.#
##.....)..##.##..#.#
#....@.)))##.#...#.###
+.........+...........
#.........##.#...#####
##.......###.#...#
##.....## #.....#
##...## ###.### ##+##
#.# #.# #.#


There were no monsters in sight!

Vanquished Creatures
  A crimson imp (D:5)
  2 orc wizards
  4 orc priests
  An iguana (D:4)
  4 worker ants
  An adder (D:2)
  An ooze (D:4)
  2 worms (D:3)
  A dart slug (D:3)
  4 leopard geckos
  13 orcs
  A ball python (D:1)
  6 bats
  3 giant cockroaches
  6 goblins
  5 hobgoblins
  5 jackals (D:4)
  2 quokkas (D:3)
  5 frilled lizards
  4 kobolds
  A quokka zombie (D:5)
  6 rats
78 creatures vanquished.

Notes
Turn   | Place    | Note
-------+----------+-------------------------------------------
     0 | D:1      | Dietz the Minotaur Berserker began the quest for the Orb.
     0 | D:1      | Reached XP level 1. HP: 19/19 MP: 0/0
    45 | D:1      | Reached skill level 4 in Axes
   126 | D:1      | Reached XP level 2. HP: 15/27 MP: 1/1
  1282 | D:2      | Reached XP level 3. HP: 26/33 MP: 2/2
  1318 | D:2      | Reached ** piety under Trog
  1352 | D:2      | Found a radiant altar of Vehumet.
  1352 | D:2      | Found a shattered altar of Ashenzari.
  1378 | D:2      | Found a white marble altar of Elyvilon.
  1405 | D:2      | Found a shadowy altar of Dithmenos.
  1533 | D:3      | Reached skill level 5 in Axes
  1598 | D:3      | Reached XP level 4. HP: 36/40 MP: 3/3
  1680 | D:3      | Reached skill level 6 in Axes
  1681 | D:3      | Found a basalt altar of Yredelemnul.
  1855 | D:3      | Reached XP level 5. HP: 23/46 MP: 4/4
  2340 | D:4      | Reached skill level 7 in Axes
  2878 | D:4      | Reached XP level 6. HP: 48/53 MP: 5/5
  2999 | D:5      | Entered Level 5 of the Dungeon
  3196 | D:5      | Found a bloodstained altar of Trog.
  3208 | D:5      | Reached *** piety under Trog
  3212 | D:5      | Reached skill level 8 in Axes
  3216 | D:5      | HP: 2/53 [poisoned by a worker ant]
  3217 | D:5      | Succumbed to a worker ant's poison

Skill      XL: |  1  2  3  4  5  6 |
---------------+-------------------+-----
Axes           | 4 5 6 7 8 |  8.0
Fighting       | 4 |  4.6
Dodging        | 3 |  3.4
Armour         | |  2.7

Action                   |  1- 3 |  4- 6 || total
-------------------------+-------+-------++-------
Melee: Hand axe          |    85 |   106 ||   191
       Headbutt          |    12 |    23 ||    35
Invok: Berserk           |     2 |     2 ||     4
  Use: Potion            |       |     3 ||     3
 Stab: Sleeping          |       |     1 ||     1
  Eat: Chunk             |     2 |     6 ||     8
       Ration            |       |     1 ||     1
Armor: Animal skin       |    11 |    11 ||    22
       Leather armour    |       |    22 ||    22
Dodge: Dodged            |    49 |    69 ||   118
Block: Buckler           |       |     5 ||     5
